 Dungeon Sprint DCSS version 0.20-a0-1116-gaa52201 (webtiles) character file.

40224 Kidiri the Sorcerer (level 13, -3/83 HPs)
             Began as a Deep Elf Fire Elementalist on May 8, 2017.
             Was the Champion of Vehumet.
             Slain by the 27-headed Lernaean hydra (16 damage)
             ... in the Dungeon (Sprint III: "The Ten Rune Challenge").
             The game lasted 00:41:42 (6933 turns).

Kidiri the Sorcerer (Deep Elf Fire Elementalist)    Turns: 6933, Time: 00:41:46

Health: -3/83      AC: 11    Str:  4    XL:     13   Next: 73%
Magic:  32/50      EV: 24    Int: 33    God:    Vehumet [******]
Gold:   413        SH:  0    Dex: 19    Spells: 3/54 levels left

rFire    + + .     SeeInvis .   E - staff of fire
rCold    + + +     Gourm    +   (no shield)
rNeg     + + .     Faith    .   F - +1 robe of the Ladybird {+Inv Str-5 Dex+6}
rPois    +         Spirit   .   g - +3 hat of Pondering {ponderous, MR+ MP+10 Int+5}
rElec    +         Reflect  .   r - +0 cloak "Teysaol" {*Drain rPois rN+}
rCorr    .         Harm     .   G - +0 pair of gloves
MR       +++++     Clarity  +   (no boots) Stlth ++........NoTele +
                                D - amulet "Igeor" {Gourm rElec rN+ Str+4 Dex-2}
Regen    0.3/turn               I - ring of flight
MPRegen  0.4/turn               C - ring "Inwuskyc" {*Slow rPois rF+ rC+++ MR+++}

@: very slightly contaminated, slowed, very slow
A: fangs 1, yellow scales 1, clarity, clever 1
a: Renounce Religion, Evoke Invisibility, Evoke Flight


You were in the Dungeon.
You worshipped Vehumet.
Vehumet was exalted by your worship.
You were very full.

You visited 1 branch You collected 3513 gold pieces.
You spent 3100 gold pieces at shops.

Inventory:

Hand Weapons
 j - a +0 dagger of protection
Armour
 a - +0 swamp dragon scales
 e - a +0 robe of cold resistance
 g - the +3 hat of Pondering (worn) {ponderous, MR+ MP+10 Int+5}
   (You took it off Gastronok in the Dungeon)

   It affects your intelligence (+5).
   It affects your resistance to hostile enchantments.
   It affects your magic capacity (+10).
 l - a +0 shield of reflection
 r - the +0 cloak "Teysaol" (worn) {*Drain rPois rN+}
   (You bought it in a shop in the Dungeon)

   It protects you from poison.
   It protects you from negative energy.
   It causes draining when unequipped.
 F - the +1 robe of the Ladybird (worn) {+Inv Str-5 Dex+6}
   (You bought it in a shop in the Dungeon)

   It affects your strength (-5).
   It affects your dexterity (+6).
   It lets you turn invisible.
 G - a +0 pair of gloves (worn)
 J - a +2 hat of magic resistance
Magical Staves
 E - an uncursed staff of fire (weapon)
Jewellery
 C - the ring "Inwuskyc" (right hand) {*Slow rPois rF+ rC+++ MR+++}
   (You found it in the Dungeon)

   [ring of protection from fire]

   It protects you from fire.
   It renders you almost immune to cold.
   It protects you from poison.
   It affects your resistance to hostile enchantments.
   It may slow you when you take damage.
 D - the amulet "Igeor" (around neck) {Gourm rElec rN+ Str+4 Dex-2}
   (You found it in the Dungeon)

   [amulet of the gourmand]

   It allows you to eat raw meat even when not hungry.
   It affects your strength (+4).
   It affects your dexterity (-2).
   It insulates you from electricity.
   It protects you from negative energy.
 H - the brooch of Shielding {Reflect SH+8}
   (You bought it in a shop in the Dungeon)

   [amulet of reflection]

   It shields you and reflects attacks.
   It affects your SH (+8).
 I - a ring of flight (left hand)
Wands
 P - a wand of acid (8/15)
Scrolls
 k - a scroll of torment
 m - 2 scrolls of remove curse
 p - a scroll of holy word
 q - a scroll of recharging
 u - a scroll of amnesia
 v - 3 scrolls of silence
 w - a scroll of identify
 x - a scroll of fog
 y - a scroll of immolation
 z - a scroll of enchant weapon
Potions
 d - 4 potions of curing
 f - 2 potions of haste
 h - a potion of berserk rage
 i - 2 potions of brilliance
 o - 3 potions of flight
 s - 3 potions of mutation
 t - a potion of might
 A - 4 potions of heal wounds
 B - a potion of resistance
Books
 Q - The Intricacies of Secret Knowledge
   (You found it in the Dungeon)

   Spells                             Type                      Level
   a - Ring of Flames                 Charms/Fire                  7
   b - Summon Hydra                   Summoning                    7
   c - Malign Gateway                 Summoning/Translocation      7
   d - Dragon Form                    Transmutation                7
 R - the Grimoire of Destructive Contamination
   (You found it in the Dungeon)

   Spells                             Type                      Level
   a - Flame Tongue                   Conjuration/Fire             1
   b - Dazzling Spray                 Conjuration/Hexes            3
   c - Spider Form                    Transmutation/Poison         3
   d - Throw Icicle                   Conjuration/Ice              4
   e - Iskenderun's Battlesphere      Conjuration/Charms           5
Comestibles
 b - 18 royal jellies
 c - 2 bread rations
 n - a meat ration


   Skills:
 + Level 10.5 Fighting
 - Level 11.2 Short Blades
 - Level 10.1 Armour
 - Level 14.0 Dodging
 - Level 2.4 Stealth
 * Level 4.4 Shields
 * Level 21.1 Spellcasting
 + Level 13.5 Conjurations
 + Level 13.8 Fire Magic
 + Level 8.5 Ice Magic
 + Level 11.0 Air Magic
 + Level 10.8 Poison Magic
 + Level 3.7 Evocations


You had 3 spell levels left.
You knew the following spells:

 Your Spells              Type           Power        Failure   Level  Hunger
a - Flame Tongue          Conj/Fire      #####        0%          1    None
b - Throw Flame           Conj/Fire      ######       0%          2    None
c - Conjure Flame         Conj/Fire      ########     0%          3    None
d - Inner Flame           Hex/Fire       #######.     1%          3    None
e - Ignite Poison         Fire/Tmut/Pois #######.     1%          3    None
f - Sticky Flame          Conj/Fire      ########     1%          4    None
g - Fireball              Conj/Fire      ########..   1%          5    None
h - Bolt of Fire          Conj/Fire      ########..   1%          6    None
i - Ignition              Fire           ########..   5%          8    ####...
j - Mephitic Cloud        Conj/Pois/Air  #######.     0%          3    None
k - Orb of Destruction    Conj           #######...   1%          7    #......
l - Freezing Cloud        Conj/Ice/Air   #######...   1%          6    None


Dungeon Overview and Level Annotations

Branches:
Dungeon (1/1)

Altars:
Cheibriados
Dithmenos
Elyvilon
Fedhas
Gozag
Hepliaklqana
Kikubaaqudgha
Makhleb
Nemelex Xobeh
Okawaru
Qazlal
Ru
Sif Muna
Trog
Uskayaw
Vehumet
Wu Jian
Xom
Yredelemnul
Zin
The Shining One
Beogh
Jiyva
Lugonu

Shops:
D =(%*?[(!(}:[%=*:

Annotations:
D exclusion: door, Lernaean hydra


Innate Abilities, Weirdness & Mutations

You have very sharp teeth.
You are partially covered in yellow scales. (AC +2)
You possess an exceptional clarity of mind.
Your mind is acute. (Int +2)


Message History

The 27-headed Lernaean hydra misses you.
The 27-headed Lernaean hydra completely misses you.
The 27-headed Lernaean hydra barely misses you.
The 27-headed Lernaean hydra misses you.
The 27-headed Lernaean hydra bites you but does no damage.
The 27-headed Lernaean hydra bites you!
* * * LOW HITPOINT WARNING * * *
Press: ? - help, v - describe, . - travel
Here: the 27-headed Lernaean hydra (flame, heavily wounded)
The floor.
Unknown command.
Okay, then.
Unknown command.
Vehumet accepts your kill.
Your Air Magic skill increases to level 11!
You feel a bit more experienced. The 27-headed Lernaean hydra bites you.
* * * LOW HITPOINT WARNING * * *
The 27-headed Lernaean hydra bites you but does no damage.
The 27-headed Lernaean hydra bites you!
You die...

#.♣♣ #♣%♣
♣.♣♣ #####
♣♣.♣ .≈.φ#
♣.♣♣ ....#
♣.♣♣ §...#
♣≈.♣♣#§D.#
♣♣.♣♣D####♣♣
♣♣.♣♣@≈.≈≈♣
♣♣.[♣♣♣♣♣♣.♣
♣...≈.≈.§..♣
♣≈.≈≈.§§≈..♣
♣§♣..≈§§§≈≈♣
♣♣♣♣♣♣♣♣§∩∩♣
♣♣♣♣♣


You could see the 27-headed Lernaean hydra.

Vanquished Creatures
  Rupert (D)
  Frances (D)
  A deep elf blademaster (D)
  Gastronok (D)
  Donald (D)
  4 azure jellies (D)
  2 dire elephants (D)
  3 deep elf annihilators (D)
  A deep elf death mage (D)
  A deep elf high priest (D)
  Erolcha (D)
  A hydra (D)
  4 death yaks (D)
  Urug (D)
  A deep elf knight (D)
  3 swamp dragons (D)
  An orange crystal statue (D)
  2 orc knights (D)
  A lindwurm (D)
  6 deep elf magi (D)
  2 elephants (D)
  2 black mambas (D)
  2 spiny frogs (D)
  A komodo dragon (D)
  A rime drake (D)
  3 wandering mushrooms (D)
  2 tyrant leeches (D)
  A queen bee (D)
  2 orc high priests (D)
  8 blink frogs (D)
  5 redbacks (D)
  A shadow (D)
  A spatial vortex (D)
  3 orc warriors (D)
  3 swamp drakes (D)
  A necrophage (D)
  5 two-headed ogres (D)
  A water elemental (D)
  32 killer bees (D)
  A scorpion (D)
  A wizard (D)
  4 orc priests (D)
  A jelly (D)
  3 orc wizards (D)
  A necromancer (D)
  3 humans (D)
  A kobold demonologist (D)
  An ooze (D)
  8 orcs (D)
  3 rats (D)
  3 plants (D)
143 creatures vanquished.

Vanquished Creatures (others)
  2 draconian scorchers (D)
  3 yaktaurs (D)
  6 hellions (D)
  8 plants (D)
19 creatures vanquished.

Grand Total: 162 creatures vanquished

Notes
Turn   | Place    | Note
-------+----------+-------------------------------------------
     0 | D        | Kidiri the Deep Elf Fire Elementalist began the quest for the Orb.
     0 | D        | Reached XP level 1. HP: 10/10 MP: 6/6
    40 | D        | Reached skill level 4 in Spellcasting
    76 | D        | Reached skill level 1 in Armour
    85 | D        | Killed a hellion
    86 | D        | Killed a hellion
   101 | D        | Killed a hellion
   116 | D        | Killed a hellion
   116 | D        | Killed a hellion
   117 | D        | Killed a hellion
   120 | D        | Noticed a scorpion
   124 | D        | Killed a scorpion
   124 | D        | Reached skill level 1 in Fighting
   124 | D        | Reached skill level 5 in Spellcasting
   124 | D        | Reached XP level 2. HP: 17/17 MP: 4/10
   124 | D        | Reached XP level 3. HP: 21/21 MP: 4/12
   151 | D        | Learned a level 3 spell: Conjure Flame
   154 | D        | Learned a level 2 spell: Throw Flame
   158 | D        | Learned a level 3 spell: Inner Flame
   162 | D        | Killed a white draconian scorcher
   179 | D        | Killed a white draconian scorcher
   194 | D        | Killed a yaktaur
   214 | D        | Reached skill level 6 in Spellcasting
   214 | D        | Reached XP level 4. HP: 9/26 MP: 4/14
   220 | D        | Learned a level 4 spell: Sticky Flame
   239 | D        | Gained mutation: You occasionally shout uncontrollably at your foes. [potion of mutation]
   239 | D        | Gained mutation: You expend magic power (3 MP) to strengthen your wands. [potion of mutation]
   239 | D        | Gained mutation: Your system is resistant to poisons. (rPois) [potion of mutation]
   240 | D        | Lost mutation: Your system is resistant to poisons. (rPois) [potion of mutation]
   240 | D        | Gained mutation: You are partially covered in yellow scales. (AC +2) [potion of mutation]
   240 | D        | Gained mutation: Your system is resistant to poisons. (rPois) [potion of mutation]
   241 | D        | Lost mutation: Your system is resistant to poisons. (rPois) [potion of mutation]
   241 | D        | Lost mutation: You expend magic power (3 MP) to strengthen your wands. [potion of mutation]
   241 | D        | Lost mutation: You occasionally shout uncontrollably at your foes. [potion of mutation]
   241 | D        | Gained mutation: Your mind is acute. (Int +2) [potion of mutation]
   241 | D        | Gained mutation: You have very sharp teeth. [potion of mutation]
   241 | D        | Gained mutation: You possess an exceptional clarity of mind. [potion of mutation]
   298 | D        | Killed a yaktaur
   431 | D        | Noticed a water elemental
   434 | D        | Killed a water elemental
   434 | D        | Reached skill level 7 in Spellcasting
   434 | D        | Reached skill level 5 in Fire Magic
   467 | D        | Found a radiant altar of Vehumet.
   468 | D        | Noticed a wizard
   468 | D        | Paralysed by a wizard for 4 turns
   470 | D        | Killed a wizard
   470 | D        | Reached skill level 5 in Dodging
   470 | D        | Reached XP level 5. HP: 32/32 MP: 12/17
   474 | D        | Found a deep blue altar of Sif Muna.
   474 | D        | Found an ancient bone altar of Kikubaaqudgha.
   474 | D        | Reached skill level 8 in Spellcasting
   493 | D        | Learned a level 5 spell: Fireball
   496 | D        | Became a worshipper of Vehumet
   540 | D        | Found a glowing silver altar of Zin.
   541 | D        | Found a glowing golden altar of the Shining One.
   541 | D        | Found a white marble altar of Elyvilon.
   541 | D        | Noticed a deep elf mage
   550 | D        | Noticed a fire elemental
   550 | D        | Noticed a fire elemental
   552 | D        | Noticed a fire elemental
   553 | D        | Killed a deep elf mage
   553 | D        | Reached skill level 10 in Spellcasting
   553 | D        | Reached XP level 6. HP: 27/39 MP: 11/21
   553 | D        | Reached XP level 7. HP: 30/44 MP: 12/23
   675 | D        | Found a hide-covered altar of Uskayaw.
   675 | D        | Found a roughly hewn altar of Beogh.
   675 | D        | Found an iron altar of Okawaru.
   675 | D        | Found a bloodstained altar of Trog.
   675 | D        | Found an ornate altar of the Wu Jian Council.
   675 | D        | Noticed a human
   677 | D        | Noticed a human
   683 | D        | Killed a human
   683 | D        | Reached skill level 11 in Spellcasting
   690 | D        | Killed a human
   690 | D        | Reached * piety under Vehumet
   690 | D        | Offered knowledge of Shock by Vehumet.
   690 | D        | Reached skill level 5 in Armour
   693 | D        | Learned a level 1 spell: Shock
   895 | D        | Found a basalt altar of Yredelemnul.
   895 | D        | Found a shadowy altar of Dithmenos.
   895 | D        | Found a sacrificial altar of Ru.
   899 | D        | Reached skill level 5 in Fighting
   904 | D        | Reached skill level 1 in Air Magic
   938 | D        | Reached ** piety under Vehumet
   938 | D        | Offered knowledge of Magic Dart by Vehumet.
   938 | D        | Reached XP level 8. HP: 49/49 MP: 18/25
   947 | D        | Reached skill level 12 in Spellcasting
  1008 | D        | Found a blossoming altar of Fedhas.
  1008 | D        | Found a stormy altar of Qazlal.
  1009 | D        | Found a snail-covered altar of Cheibriados.
  1009 | D        | Found a burning altar of Makhleb.
  1009 | D        | Found a hazy altar of Hepliaklqana.
  1009 | D        | Found a shimmering altar of Xom.
  1009 | D        | Found an opulent altar of Gozag.
  1009 | D        | Found a sparkling altar of Nemelex Xobeh.
  1009 | D        | Found a corrupted altar of Lugonu.
  1009 | D        | Found a viscous altar of Jiyva.
  1027 | D        | Reached skill level 5 in Short Blades
  1142 | D        | Offered knowledge of Ignite Poison by Vehumet.
  1145 | D        | Reached *** piety under Vehumet
  1171 | D        | Learned a level 3 spell: Ignite Poison
  1379 | D        | Noticed a two-headed ogre
  1386 | D        | Killed a two-headed ogre
  1386 | D        | Reached skill level 13 in Spellcasting
  1587 | D        | Noticed a two-headed ogre
  1587 | D        | Noticed Erolcha
  1594 | D        | Killed a two-headed ogre
  1594 | D        | Offered knowledge of Force Lance by Vehumet.
  1594 | D        | Reached XP level 9. HP: 39/55 MP: 18/28
  1608 | D        | Killed Erolcha
  1608 | D        | Reached **** piety under Vehumet
  1608 | D        | Reached skill level 14 in Spellcasting
  2003 | D        | Offered knowledge of Mephitic Cloud by Vehumet.
  2008 | D        | Learned a level 3 spell: Mephitic Cloud
  2102 | D        | Noticed a queen bee
  2106 | D        | Reached ***** piety under Vehumet
  2106 | D        | Offered knowledge of Bolt of Fire by Vehumet.
  2107 | D        | Reached skill level 5 in Air Magic
  2110 | D        | Reached skill level 10 in Dodging
  2110 | D        | Reached skill level 1 in Poison Magic
  2114 | D        | Reached ****** piety under Vehumet
  2196 | D        | Learned a level 6 spell: Bolt of Fire
  2201 | D        | Offered knowledge of Orb of Destruction by Vehumet.
  2201 | D        | Reached XP level 10. HP: 61/61 MP: 18/30
  2204 | D        | Reached skill level 15 in Spellcasting
  2317 | D        | Reached skill level 10 in Fire Magic
  2358 | D        | Learned a level 7 spell: Orb of Destruction
  2363 | D        | Noticed a spiny frog
  2363 | D        | Noticed a spiny frog
  2367 | D        | Killed a spiny frog
  2367 | D        | Offered knowledge of Bolt of Magma by Vehumet.
  2368 | D        | Killed a spiny frog
  2541 | D        | Reached skill level 16 in Spellcasting
  2798 | D        | Noticed a lindwurm
  2805 | D        | Killed a lindwurm
  2805 | D        | Offered knowledge of Lightning Bolt by Vehumet.
  2812 | D        | Reached skill level 10 in Conjurations
  3009 | D        | Noticed Urug
  3031 | D        | Killed Urug
  3031 | D        | Reached skill level 5 in Poison Magic
  3031 | D        | Reached XP level 11. HP: 61/67 MP: 9/33
  3214 | D        | Offered knowledge of Freezing Cloud by Vehumet.
  3299 | D        | Noticed Rupert
  3316 | D        | Killed Rupert
  3316 | D        | Reached skill level 17 in Spellcasting
  3355 | D        | Learned a level 6 spell: Freezing Cloud
  3446 | D        | Noticed a death yak
  3447 | D        | Noticed a death yak
  3453 | D        | Noticed a death yak
  3453 | D        | Killed a death yak
  3453 | D        | Reached skill level 1 in Ice Magic
  3454 | D        | Noticed a death yak
  3454 | D        | Killed a death yak
  3457 | D        | Killed a death yak
  3457 | D        | Offered knowledge of Ozocubu's Refrigeration by Vehumet.
  3459 | D        | Killed a death yak
  3527 | D        | Reached skill level 18 in Spellcasting
  3657 | D        | Noticed an azure jelly
  3657 | D        | Noticed an azure jelly
  3671 | D        | Noticed a swamp dragon
  3966 | D        | Noticed an orc knight
  3967 | D        | Offered knowledge of Bolt of Cold by Vehumet.
  3968 | D        | Noticed an orc knight
  3968 | D        | Found Cenuff's Assorted Antiques.
  3972 | D        | Reached XP level 12. HP: 60/75 MP: 27/36
  4084 | D        | Bought a potion of curing for 78 gold pieces
  4084 | D        | Bought a scroll of blinking for 195 gold pieces
  4084 | D        | Bought a polished cloak for 247 gold pieces
  4084 | D        | Bought a scroll of identify for 52 gold pieces
  4089 | D        | Identified the +0 cloak "Teysaol" {*Drain rPois rN+} (You bought it in a shop in the Dungeon)
  4402 | D        | Offered knowledge of Fire Storm by Vehumet.
  4402 | D        | Offered knowledge of Chain Lightning by Vehumet.
  4402 | D        | Offered knowledge of Ignition by Vehumet.
  4426 | D        | Reached skill level 10 in Short Blades
  4534 | D        | Noticed a deep elf annihilator
  4537 | D        | Noticed a deep elf death mage
  4821 | D        | Noticed a deep elf high priest
  4823 | D        | Noticed a deep elf annihilator
  4823 | D        | Killed a deep elf high priest
  5059 | D        | Killed a deep elf annihilator
  5119 | D        | Reached skill level 19 in Spellcasting
  5119 | D        | Reached skill level 5 in Ice Magic
  5311 | D        | Killed a deep elf death mage
  5332 | D        | Noticed a deep elf blademaster
  5340 | D        | Killed a deep elf blademaster
  5342 | D        | Noticed a deep elf annihilator
  5343 | D        | Killed a deep elf annihilator
  5696 | D        | Killed a deep elf annihilator
  5846 | D        | Got a shimmering iron ring
  5846 | D        | Got a bound bone amulet
  5869 | D        | Identified The Intricacies of Secret Knowledge
  5869 | D        | Identified the Grimoire of Destructive Contamination
  5881 | D        | Identified the ring "Inwuskyc" {*Slow rPois rF+ rC+++ MR+++} (You found it in the Dungeon)
  5883 | D        | Identified the amulet "Igeor" {Gourm rElec rN+ Str+4 Dex-2} (You found it in the Dungeon)
  6083 | D        | Noticed an azure jelly
  6083 | D        | Noticed an azure jelly
  6084 | D        | Noticed a dire elephant
  6084 | D        | Noticed a dire elephant
  6084 | D        | Noticed Gastronok
  6090 | D        | Killed a dire elephant
  6090 | D        | Killed Gastronok
  6090 | D        | Reached XP level 13. HP: 45/81 MP: 24/38
  6091 | D        | Killed a dire elephant
  6091 | D        | Reached skill level 10 in Air Magic
  6093 | D        | Reached skill level 10 in Armour
  6093 | D        | Reached skill level 20 in Spellcasting
  6314 | D        | Noticed Donald
  6314 | D        | Noticed Frances
  6318 | D        | Killed Donald
  6322 | D        | Killed Frances
  6322 | D        | Reached skill level 10 in Fighting
  6413 | D        | Reached skill level 10 in Poison Magic
  6532 | D        | Learned a level 8 spell: Ignition
  6551 | D        | Reached skill level 1 in Shields
  6573 | D        | Found Guhapn's Gadget Emporium.
  6573 | D        | Found Lunel's Antique Armour Shop.
  6573 | D        | Found Ipi Uhoh's Book Shoppe.
  6573 | D        | Found Vimeh's Antique Weapon Boutique.
  6573 | D        | Found Myezxiod's Book Emporium.
  6573 | D        | Found Qiotz's Assorted Antiques.
  6573 | D        | Found Agecimumo's Jewellery Emporium.
  6573 | D        | Found Bimuhut's Food Boutique.
  6574 | D        | Found Deheh's Distillery.
  6574 | D        | Found Mirah's Antique Weapon Shoppe.
  6574 | D        | Found Xant's Antique Armour Shop.
  6574 | D        | Found Pioxang's Magic Scroll Emporium.
  6589 | D        | Bought a scroll of identify for 28 gold pieces
  6589 | D        | Bought a scroll of identify for 28 gold pieces
  6589 | D        | Bought a scroll of fog for 28 gold pieces
  6589 | D        | Bought a scroll of immolation for 49 gold pieces
  6589 | D        | Bought a scroll of enchant weapon for 105 gold pieces
  6589 | D        | Bought a scroll of identify for 28 gold pieces
  6594 | D        | Bought a potion of heal wounds for 50 gold pieces
  6594 | D        | Bought a potion of haste for 100 gold pieces
  6594 | D        | Bought a potion of heal wounds for 50 gold pieces
  6594 | D        | Bought a potion of heal wounds for 50 gold pieces
  6594 | D        | Bought a potion of resistance for 100 gold pieces
  6594 | D        | Bought a potion of heal wounds for 50 gold pieces
  6598 | D        | Bought a brightly glowing robe for 142 gold pieces
  6598 | D        | Bought a pair of gloves for 112 gold pieces
  6608 | D        | Identified the cursed +1 robe of the Ladybird {+Inv Str-5 Dex+6} (You bought it in a shop in the Dungeon)
  6616 | D        | Bought the brooch of Shielding {Reflect SH+8} for 1381 gold pieces
  6616 | D        | Bought an uncursed ring of flight for 227 gold pieces
  6720 | D        | Killed an azure jelly
  6720 | D        | Reached skill level 1 in Evocations
  6720 | D        | Killed an azure jelly
  6720 | D        | Killed an azure jelly
  6720 | D        | Killed an azure jelly
  6802 | D        | Reached skill level 21 in Spellcasting
  6895 | D        | Found Bevol's Jewellery Shoppe.
  6895 | D        | Found Daefonir's Antique Weapon Boutique.
  6895 | D        | Found Hen Gide's Food Emporium.
  6929 | D        | Noticed the 27-headed Lernaean hydra
  6933 | D        | Slain by the 27-headed Lernaean hydra

Vault maps used:
D:        dungeon_sprint_mu

Skill      XL: |  1  2  3  4  5  6  7  8  9 10 11 12 13 |
---------------+----------------------------------------+-----
Spellcasting   | 5 6 7 10 11 13 14 16 18 19 21 | 21.1
Armour         | 1 2 4 5 6 7 8 9 10 | 10.1
Fighting       | 1 2 4 5 6 7 8 9 10 | 10.5
Dodging        | 3 4 5 7 8 9 10 11 12 13 14 | 14.0
Conjurations   | 2 3 4 6 7 9 10 11 12 13 | 13.5
Fire Magic     | 4 5 7 8 9 10 11 12 13 | 13.8
Short Blades   | 3 4 5 7 8 9 10 11 | 11.2
Air Magic      | 1 3 5 6 8 9 11 | 11.0
Poison Magic   | 2 5 7 9 10 | 10.8
Ice Magic      | 3 6 8 |  8.5
Shields        | 4 |  4.4
Evocations     | 3 |  3.7
Stealth        | |  2.4

Action                   |  1- 3 |  4- 6 |  7- 9 | 10-12 | 13-15 || total
-------------------------+-------+-------+-------+-------+-------++-------
Melee: Dagger            |       |       |     5 |    50 |       ||    55
       Bite              |       |       |       |     3 |     1 ||     4
       Staff             |       |       |       |       |     4 ||     4
 Cast: Flame Tongue      |    17 |     5 |    69 |    25 |     2 ||   118
       Sticky Flame      |       |     3 |    10 |    11 |       ||    24
       Conjure Flame     |       |     1 |    12 |     5 |     2 ||    20
       Inner Flame       |       |       |     6 |       |       ||     6
       Throw Flame       |       |       |     4 |       |       ||     4
       Mephitic Cloud    |       |       |     4 |     9 |     1 ||    14
       Ignite Poison     |       |       |     3 |     8 |     1 ||    12
       Shock             |       |       |     2 |     3 |       ||     5
       Bolt of Fire      |       |       |       |    28 |    10 ||    38
       Orb of Destructio |       |       |       |    38 |     7 ||    45
       Freezing Cloud    |       |       |       |     9 |     1 ||    10
       Fireball          |       |       |       |     3 |       ||     3
       Ignition          |       |       |       |       |     3 ||     3
  Use: Potion            |       |     3 |     1 |     6 |       ||    10
       Scroll            |       |     2 |       |     4 |     5 ||    11
 Stab: Sleeping          |       |       |       |     2 |       ||     2
       Confused          |       |       |       |     1 |       ||     1
  Eat: Chunk             |       |       |     3 |     2 |    11 ||    16
       Royal jelly       |       |       |     2 |    10 |       ||    12
Armor: Robe              |       |     2 |       |    13 |     8 ||    23
Dodge: Dodged            |     4 |     3 |    25 |    40 |    26 ||    98
